 Dungeon Crawl Stone Soup version 0.16.1-18-g436b03c (webtiles) character file.

108 Leviathan2552 the Sneak (level 4, -3/23 HPs)
             Began as a Spriggan Assassin on May 5, 2015.
             Slain by a worm (4 damage)
             ... on level 3 of the Dungeon.
             The game lasted 00:08:24 (2627 turns).

Leviathan2552 the Sneak (Spriggan Assassin)         Turns: 2627, Time: 00:08:24

Health: -3/23      AC:  4    Str:  7    XL:     4   Next: 58%
Magic:  8/8        EV: 19    Int: 12    God:
Gold:   71         SH:  0    Dex: 18    Spells: 0 memorised, 3 levels left

rFire  . . .     SeeInvis +     n - +0 dagger (elec)
rCold  . . .     Clarity  .     c - +0 robe
rNeg   . . .     SustAb   .     (shield restricted)
rPois  .         Gourm    .     (helmet restricted)
rElec  .         Spirit   .     d - +1 cloak
rCorr  .         Warding  .     (gloves unavailable)
rMut   .         Stasis   .     (boots unavailable)
MR     .....                    (no amulet)
Stlth  ++++......               (no ring)
                                (no ring)

@: very quick, not resistant to hostile enchantments, stealthy
A: unfitting armour, see invisible, herbivore 3, speed 3, slow metabolism 2
a: no special abilities


You were on level 3 of the Dungeon.
You were not hungry.

You visited 1 branch of the dungeon, and saw 3 of its levels.

You collected 71 gold pieces.

Inventory:

Hand weapons
 a - a +2 dagger
 b - a +0 blowgun
 i - a +0 short sword of venom
 n - a +0 dagger of electrocution (weapon)
Missiles
 e - 8 poisoned needles
 f - 2 curare-tipped needles
Armour
 c - a +0 robe (worn)
 d - a +1 cloak (worn)
Scrolls
 j - a scroll of recharging
 k - 3 scrolls of remove curse
 m - a scroll of amnesia {unknown}
 p - a scroll of blinking
 r - a scroll of identify
 s - a scroll of teleportation {unknown}
Potions
 h - 2 potions of heal wounds {unknown}
 l - a potion of might {unknown}
 o - a potion of degeneration {unknown}
 q - a potion of brilliance {unknown}
Comestibles
 g - 3 bread rations


   Skills:
 + Level 1.8 Fighting
 * Level 2.9 Short Blades
 + Level 2.2 Throwing
 * Level 3.4 Dodging
 + Level 7.7 Stealth


You had 3 spell levels left.
You didn't know any spells.

Dungeon Overview and Level Annotations

Branches:
Dungeon (3/15)

Altars:
Zin

Annotations:
D:2 Crazy Yiuf


Innate Abilities, Weirdness & Mutations

You are tiny and cannot use many weapons and most armour.
You have supernaturally acute eyesight.
You are a herbivore.
You cover ground extremely quickly.
You need consume almost no food.


Message History

You hit the worm but do no damage.
There is a sudden explosion of sparks!
The worm is moderately wounded.
The worm misses you.
You hit the worm.
The worm is heavily wounded.
You barely miss the worm.
The worm is heavily wounded.
The worm bites you!
You hit the worm.
The worm is severely wounded.
You hit the worm.
The worm is severely wounded.
The worm bites you!
* * * LOW HITPOINT WARNING * * *
You hit the worm.
The worm is almost dead.
You hit the worm.
The worm is almost dead.
The worm bites you.
You die...

.#######+#######....
...................##
.....................
.........†.........#
#.......#.#........#
........#.#........#
..........#........#####
#.....................<$.
#.........#....w@..#####
###########........#
#........# ##########


You could see a worm.

Vanquished Creatures
  3 adders (D:2)
  A giant mite (D:3)
  3 worms (D:2)
  2 oozes
  An orc (D:3)
  A ball python (D:1)
  5 giant cockroaches
  6 goblins
  7 hobgoblins
  4 jackals (D:2)
  6 kobolds
  6 bats
  4 rats
  A bush (D:2)
  A fungus (D:2)
51 creatures vanquished.

Notes
Turn   | Place    | Note
--------------------------------------------------------------
     0 | D:1      | Leviathan2552, the Spriggan Assassin, began the quest for the Orb.
     0 | D:1      | Reached XP level 1. HP: 10/10 MP: 2/2
   142 | D:1      | Reached skill level 6 in Stealth
   233 | D:1      | Reached XP level 2. HP: 14/14 MP: 4/4
   884 | D:2      | Reached XP level 3. HP: 10/18 MP: 6/6
   933 | D:2      | Reached skill level 7 in Stealth
  1025 | D:2      | Found a glowing silver altar of Zin.
  1760 | D:2      | Reached XP level 4. HP: 23/23 MP: 8/8
  2179 | D:2      | Noticed Crazy Yiuf
  2625 | D:3      | HP: 1/23 [worm (11)]
  2627 | D:3      | Slain by a worm

Action                   |  1- 3 |  4- 6 || total
-------------------------+-------+-------++-------
Melee: Short sword       |    36 |       ||    36
       Dagger            |    60 |    84 ||   144
  Use: Scroll            |     6 |       ||     6
 Stab: Sleeping          |    11 |     4 ||    15
       Distracted        |     1 |       ||     1
